 Dungeon Crawl Stone Soup version 0.29-a0-757-g358383bc75 (webtiles) character file.

Game seed: 12543304171552805324

23 xian the Shield-Bearer (level 2, -1/19 HPs)
             Began as a Demonspawn Wanderer on June 30, 2022.
             Slain by a worm (3 damage)
             ... on level 1 of the Dungeon.
             The game lasted 00:03:42 (1501 turns).

xian the Shield-Bearer (Demonspawn Wanderer)        Turns: 1501, Time: 00:03:43

Health: -1/19      AC:  2    Str: 12    XL:     2   Next: 75%
Magic:  1/5        EV: 11    Int: 13    God:
Gold:   57         SH:  4    Dex: 12    Spells: 4/5 levels left

rFire   + . .      SeeInvis .   a - +2 spear
rCold   + . .      Faith    .   b - +0 buckler
rNeg    . . .      Spirit   .   d - +0 robe
rPois   .          Reflect  .   (no helmet)
rElec   .          Harm     .   h - scarf {rC+ rF+}
rCorr   .          Rampage  .   (no gloves)
Will    .....                   (no boots)
Stlth   +.........              (no amulet)
HPRegen 0.06/turn               g - ring of wizardry
MPRegen 0.09/turn               (no ring)

@: no status effects
A: foul stench 1
a: no special abilities


You were on level 1 of the Dungeon.
You visited 1 branch of the dungeon, and saw 2 of its levels.

You collected 57 gold pieces.

Inventory:

Hand Weapons
 a - a +2 spear (weapon)
Armour
 b - a +0 buckler (worn)
 d - a +0 robe (worn)
 h - a scarf of resistance (worn)
Magical Staves
 l - a staff of conjuration
Jewellery
 g - a ring of wizardry (left hand)
Scrolls
 f - a scroll of immolation {unknown}
Potions
 c - a potion of curing
 i - 2 potions of mutation
 k - a potion of resistance


   Skills:
 + Level 3.0 Polearms
 + Level 0.4 Dodging
 + Level 3.0 Shields
 + Level 2.2 Spellcasting
 + Level 1.0 Transmutations
 + Level 0.4 Poison Magic
 + Level 1.0 Evocations


You had 4 spell levels left.
You knew the following spells:

 Your Spells              Type           Power      Damage    Failure   Level
a - Sting                 Tmut/Pois      12%        1d3       10%         1

Your spell library contained the following spells:

 Spells                   Type           Power      Damage    Failure   Level
 Sandblast                Erth           2%         2d4       13%         1
 Passwall                 Tmut/Erth      1%         N/A       16%         2
 Ignite Poison            Fire/Tmut/Pois 2%         N/A       32%         3
 Stone Arrow              Conj/Erth      2%         3d7       36%         3


Dungeon Overview and Level Annotations

Branches:
Dungeon (2/15)

Altars:


Innate Abilities, Weirdness & Mutations

You may rarely emit foul miasma when damaged in melee.


Message History

You are out of magic!
The dart slug looks more healthy.
The bat hits you. The bat closely misses you.
Your magical contamination has completely faded away.
The worm looks more healthy.
The bat hits you but does no damage.
You hit the worm.
The worm is moderately wounded.
The bat barely misses you. The worm bites you.
You completely miss the worm.
The worm is lightly wounded.
The bat closely misses you. The dart slug launches a dart at you.
The slug dart hits you but does no damage.
You block the bat's attack.
You hit the worm.
The worm is moderately wounded.
The bat barely misses you. The worm bites you!
* * * LOW HITPOINT WARNING * * *
The dart slug launches a dart at you. The slug dart hits you.
* * * LOW HITPOINT WARNING * * *
The bat hits you but does no damage. The bat hits you.
* * * LOW HITPOINT WARNING * * *
You block the bat's attack. The bat hits you but does no damage.
The dart slug launches a dart at you. The slug dart misses you.
The bat hits you but does no damage. The bat hits you.
* * * LOW HITPOINT WARNING * * *
You see here a +0 battleaxe.
You closely miss the bat. The bat barely misses you.
You block the bat's attack.
There is a stone staircase leading up here.
The bat barely misses you.
You climb upwards.
There is a stone staircase leading down here.
The worm bites you.
You die...

####.# #.........#.#.#......≈≈≈#
.^.#.####.#######.#.#........≈≈≈#
................#.#.#........≈≈≈≈
.#.#.####.#..##.#.#.#..####..##≈#
.#.#.# #.#..##.#.#..............
.#.#.# #.#.......###############
.#.#.# #.#...#..................
##.#.####.###.###################
................@>#
...#.#########.##w# .###.# #..#.#
.# #.# ####.#.#
.###.#######......##########
.'.........'...............#
.###'#######...#..########.#
).....(.# #...#.......# #.#
........# #####..####.# #.#


You could see a worm.

Vanquished Creatures
  A dart slug (D:1)
  2 endoplasms (D:1)
  A giant cockroach (D:1)
  4 hobgoblins
  2 quokkas
  3 ball pythons (D:1)
  A bat (D:1)
  2 frilled lizards (D:1)
  3 goblins (D:1)
  A kobold (D:1)
20 creatures vanquished.

Notes
Turn   | Place    | Note
-------+----------+-------------------------------------------
     0 | D:1      | xian the Demonspawn Wanderer began the quest for the Orb.
     0 | D:1      | xian set off with the following items: a +2 spear, a +0
                  | buckler, a potion of curing, a +0 robe; and the following
                  | spell memorised: Sting; and the following spells available
                  | to memorise: Ignite Poison.
     0 | D:1      | Reached XP level 1. HP: 13/13 MP: 3/3
   353 | D:1      | Gained mutation: You may rarely emit foul miasma when
                  | damaged in melee. [demonic ancestry]
   353 | D:1      | Reached XP level 2. HP: 19/19 MP: 1/5
  1054 | D:1      | Found a faded altar of an unknown god.
  1501 | D:1      | Slain by a worm

Illustrated notes

Levels and vault maps discovered:
D:1:      ncdulo_watergridlock, layout_basic, nicolae_ecumenical_lake_church
D:2:      layout_basic, serial_forest, infiniplex_forest_straight_4,
          infiniplex_forest_straight_3, infiniplex_forest_corner_1,
          infiniplex_forest_lined_corner, infiniplex_forest_clump_double,
          minmay_cupped

Skill      XL: |  1  2 |
---------------+-------+-----
Shields        | 3 |  3.0
Polearms       | 3 |  3.0
Dodging        | |  0.4
Spellcasting   | |  2.2
Transmutations | |  1.0
Poison Magic   | |  0.4
Evocations     | |  1.0

Action                   || total
-------------------------++-------
Melee: Spear             ||    36
 Cast: Sting             ||    22
  Use: Scroll            ||     4
 Stab: Sleeping          ||     1
Armor: Robe              ||    10
Dodge: Dodged            ||    36
Block: Buckler           ||     8

Table legend: (Time is in decaauts)
 A = Elapsed time spent in this place.
 B = Non-inter-level travel time spent in this place.
 C = Inter-level travel time spent in this place.
 D = Time resting spent in this place.
 E = Time spent auto-exploring this place.
 F = Levels seen in this place.
 G = Mean time per level.
                   A        B        C        D        E       F      G
               +--------+--------+--------+--------+--------+-----+--------+
         Total |   1504 |   1468 |     36 |    203 |   1040 |   2 |  752.0 |
       Dungeon |   1504 |   1468 |     36 |    203 |   1040 |   2 |  752.0 |
               +--------+--------+--------+--------+--------+-----+--------+

Top non-repeatable levels by time:
     D:1: 1453 daAuts
     D:2: 50 daAuts
